 Dungeon Crawl Stone Soup version 0.19.3-1-g3169bf9 (webtiles) character file.

282 Alarkh the Carver (level 6, -3/63 HPs)
             Began as a High Elf Monk on Jan 25, 2017.
             Slain by a two-headed ogre
             ... wielding a +0 giant spiked club
              (11 damage)
             ... on level 5 of the Dungeon.
             The game lasted 00:03:45 (2669 turns).

Alarkh the Carver (High Elf Monk)                   Turns: 2669, Time: 00:03:47

Health: -3/63      AC: 23    Str: 10    XL:     6   Next: 6%
Magic:  7/7        EV:  2    Int: 16    God:
Gold:   125        SH:  0    Dex: 18    Spells: 0 memorised, 5 levels left

rFire  . . .     SeeInvis .     n - +0 dagger (venom)
rCold  . . .     Gourm    .     (armour currently unavailable)
rNeg   + + +     Faith    .     (no shield)
rPois  +         Spirit   .     (helmet currently unavailable)
rElec  .         Reflect  .     (cloak currently unavailable)
rCorr  .         Harm     .     (gloves currently unavailable)
MR     .....     NoTele   +     (boots currently unavailable)
Stlth  ++........               (no amulet)
                                (no ring)
                                (no ring)

@: tree-form
A: no striking features
a: no special abilities


You were on level 5 of the Dungeon.
You were not hungry.
You were a tree.
You visited 1 branch of the dungeon, and saw 5 of its levels.

You collected 125 gold pieces.

Inventory:

Hand Weapons
 a - a +0 falchion
 d - a +0 dagger of venom
 n - a +0 dagger of venom (weapon)
Armour
 b - a +0 robe (melded)
 t - the cursed +0 cloak "Xuluosk" (melded) {rF+++ rC- Str-4 Slay+6}
   (You found it on level 6 of the Dungeon)

   It affects your strength (-4).
   It affects your accuracy and damage with ranged weapons and melee attacks
   (+6).
   It renders you almost immune to fire.
   It makes you vulnerable to cold.
   It has a curse placed upon it.
Scrolls
 e - a scroll of identify
 i - 2 scrolls of remove curse {unknown}
 j - a scroll of noise {unknown}
 o - 2 scrolls of enchant weapon {unknown}
 p - a scroll of fear {unknown}
Potions
 f - 2 potions of cure mutation
 h - a potion of curing
 l - a potion of heal wounds {unknown}
 q - 2 potions of degeneration {unknown}
 r - a potion of lignification
 s - a potion of mutation {unknown}
Comestibles
 c - 3 bread rations
 g - 3 fruits
 k - a meat ration
 m - 2 slices of pizza


   Skills:
 - Level 3.0 Fighting
 + Level 8.2 Long Blades
 - Level 3.2 Dodging
 - Level 2.1 Stealth


You had 5 spell levels left.
You didn't know any spells.

Dungeon Overview and Level Annotations

Branches:
Dungeon (6/15)
 Temple: D:4-7

Altars:
Fedhas
Gozag
Hepliaklqana

Annotations:
D:2 exclusion: oklob plant


Message History

You completely miss the two-headed ogre.
The two-headed ogre is heavily wounded.
The two-headed ogre hits you but does no damage. x2
You hit the two-headed ogre.
The two-headed ogre is heavily wounded.
You hit the two-headed ogre.
The two-headed ogre is severely wounded.
The two-headed ogre hits you with a giant spiked club.
* * * LOW HITPOINT WARNING * * *
The two-headed ogre hits you but does no damage.
You hit the two-headed ogre.
The two-headed ogre looks as sick as possible!
The two-headed ogre is severely wounded.
You hit the two-headed ogre.
The two-headed ogre looks as sick as possible!
The two-headed ogre is almost dead.
The two-headed ogre hits you with a giant spiked club.
* * * LOW HITPOINT WARNING * * *
The two-headed ogre hits you with a giant spiked club!
You die...

##.#.##
#.......#
..###.########
#.#######
##.#.##.......
#.# #....#
%...... #.#
#.##.# .......
#.# #.##.#
....... #.##
>....# .......
#..# #.####
.......####.#
....
#.......O♣..#
#.#.#
#.#.!..###..#
#.#... .......
#..# #..
..........
...# ###
#........
##.## #.......
#.# #......
..# #...###
###


You could see a two-headed ogre.

Vanquished Creatures
  Sigmund (D:3)
  A scorpion (D:6)
  2 adders
  3 dart slugs (D:1)
  3 leopard geckos
  9 bats
  4 giant cockroaches (D:1)
  7 goblins
  3 hobgoblins
  A quokka (D:6)
  A frilled lizard (D:1)
  9 kobolds
  5 rats
  2 fungi (D:2)
  A plant (D:2)
52 creatures vanquished.

Notes
Turn   | Place    | Note
-------+----------+-------------------------------------------
     0 | D:1      | Alarkh the High Elf Monk began the quest for the Orb.
     0 | D:1      | Reached XP level 1. HP: 16/16 MP: 2/2
    46 | D:1      | Reached skill level 4 in Long Blades
    82 | D:1      | Reached XP level 2. HP: 2/21 MP: 3/3
   648 | D:1      | Reached skill level 5 in Long Blades
   740 | D:1      | You fall through a shaft!
   880 | D:1      | Reached XP level 3. HP: 26/26 MP: 4/4
  1208 | D:2      | Found an opulent altar of Gozag.
  1459 | D:2      | Found a blossoming altar of Fedhas.
  1480 | D:2      | Noticed an oklob plant
  2271 | D:3      | Noticed Sigmund
  2283 | D:3      | Killed Sigmund
  2283 | D:3      | Reached skill level 7 in Long Blades
  2283 | D:3      | Reached XP level 4. HP: 31/31 MP: 5/5
  2283 | D:3      | Reached XP level 5. HP: 36/36 MP: 6/6
  2364 | D:3      | You fall through a shaft for 3 floors!
  2416 | D:6      | Reached skill level 8 in Long Blades
  2416 | D:6      | Reached XP level 6. HP: 22/42 MP: 7/7
  2583 | D:6      | Found a hazy altar of Hepliaklqana.
  2586 | D:6      | Got an ancient cloak
  2592 | D:6      | Identified the cursed +0 cloak "Xuluosk" {rF+++ rC- Str-4 Slay+6} (You found it on level 6 of the Dungeon)
  2601 | D:5      | Entered Level 5 of the Dungeon
  2650 | D:5      | Noticed a two-headed ogre
  2669 | D:5      | Slain by a two-headed ogre

Skill      XL: |  1  2  3  4  5 |
---------------+----------------+-----
Long Blades    | 4 5 7 8 |  8.2
Fighting       | |  3.0
Dodging        | |  3.2
Stealth        | |  2.1

Action                   |  1- 3 |  4- 6 || total
-------------------------+-------+-------++-------
Melee: Falchion          |    68 |       ||    68
       Dagger            |   138 |    31 ||   169
  Use: Potion            |     3 |     1 ||     4
       Scroll            |     1 |       ||     1
 Stab: Sleeping          |     9 |     1 ||    10
  Eat: Chunk             |     5 |     1 ||     6
Armor: Robe              |    23 |     1 ||    24
       Skin              |       |     8 ||     8
Dodge: Dodged            |    92 |    11 ||   103
       Rpst.: Falchion   |    20 |       ||    20
